 Dungeon Sprint DCSS version 0.27-a0-277-g024f7ef292 (webtiles) character file.

Game seed: 15268942890316998560

139042 mhtbhm the Minotaur Barricade (level 16, -1/274 HPs)
             Began as a Minotaur Fighter on Feb 6, 2021.
             Was the Champion of Trog.
             Splashed by an acid blob's acid (4 damage)
             ... created by the Royal Jelly
             ... in the Dungeon (Sprint VII: "The Pits").
             The game lasted 00:15:37 (9268 turns).

mhtbhm the Minotaur Barricade (Minotaur Fighter)    Turns: 9268, Time: 00:15:37

Health: -1/274     AC: 13    Str: 34    XL:     16   Next: 72%
Magic:  15/15      EV: 23    Int:  5    God:    Trog [******]
Gold:   47         SH: 25    Dex: 10    Spells: 15/15 levels left

rFire    + + .     SeeInvis .   a - +6 broad axe (flame)
rCold    + . .     Faith    .   c - +0 kite shield
rNeg     . . .     Spirit   .   b - +0 gold dragon scales
rPois    +         Reflect  +   t - +2 hat
rElec    +         Harm     .   I - +0 cloak
rCorr    .         Rampage  .   (no gloves)
Will     +....     NoTele   +   r - +0 pair of boots
Stlth    ..........             C - amulet of reflection
HPRegen  0.55/turn              D - ring "Finnydghunt" {rElec rF+ Str+6}
MPRegen  0.14/turn              E - ring of the Hare {EV+8}

@: mighty, berserking, corroded, very quick
A: retaliatory headbutt, horns 2
a: Renounce Religion, Berserk, Trog's Hand, Brothers in Arms


You were in the Dungeon.
You worshipped Trog.
Trog was exalted by your worship.
You visited 1 branch You collected 47 gold pieces.

Inventory:

Hand Weapons
 a - a +6 broad axe of flaming (weapon)
 B - a +2 sacred scourge of holy wrath
 F - a +4 eudemon blade of holy wrath
 H - a +2 antimagic broad axe
Missiles
 s - 19 javelins (quivered)
Armour
 b - +0 gold dragon scales (worn)
 c - a +0 kite shield (worn)
 r - a +0 pair of boots (worn)
 t - a +2 hat (worn)
 I - a +0 cloak (worn)
Jewellery
 o - the ring "Lacen" {*Slow rF+ Str+2 Dex+3}
   (You took it off a skeletal warrior in the Dungeon)

   [ring of protection from fire]

   It affects your strength (+2).
   It affects your dexterity (+3).
   It protects you from fire.
   It may slow you when you take damage.
 p - an uncursed ring of willpower
 y - an uncursed amulet of the acrobat
 A - an uncursed ring of protection from fire
 C - an amulet of reflection (around neck)
 D - the ring "Finnydghunt" (left hand) {rElec rF+ Str+6}
   (You found it in the Dungeon)

   [ring of strength]

   It affects your strength (+6).
   It protects you from fire.
   It insulates you from electricity.
 E - the ring of the Hare (right hand) {EV+8}
   (You found it in the Dungeon)

   [ring of evasion]

   It affects your evasion (+8).
Wands
 n - a wand of flame (9)
Scrolls
 j - 2 scrolls of blinking
 l - 3 scrolls of remove curse
 m - a scroll of summoning
 u - 2 scrolls of enchant armour
 v - 3 scrolls of fear
 w - a scroll of fog
 x - 2 scrolls of enchant weapon
Potions
 d - 3 potions of might
 e - 7 potions of curing
 f - 11 potions of heal wounds
 g - a potion of haste
 h - 4 potions of magic
 i - 4 potions of berserk rage
 k - 2 potions of invisibility
 q - a potion of mutation
 z - a potion of resistance
Miscellaneous
 G - a condenser vane
 J - the horn of Geryon


   Skills:
 O Level 27 Fighting
 O Level 27 Axes
 O Level 27 Armour
 + Level 17.5 Dodging
 + Level 5.9 Stealth
 O Level 27 Shields
 + Level 1.6 Evocations


You had 15 spell levels left.
You didn't know any spells.
Your spell library was empty.

Dungeon Overview and Level Annotations

Branches:
Dungeon (1/1)

Altars:
Cheibriados
Dithmenos
Elyvilon
Fedhas
Gozag
Hepliaklqana
Makhleb
Nemelex Xobeh
Okawaru
Qazlal
Ru
Sif Muna
Trog
Vehumet
Wu Jian
Xom
Yredelemnul
Zin
The Shining One
Beogh
Jiyva
Lugonu


Innate Abilities, Weirdness & Mutations

You reflexively headbutt those who attack you in melee.
You have a pair of horns on your head.


Message History

* * * LOW HITPOINT WARNING * * *
There is an open door here.
Unknown command.
You open the acid blob like a pillowcase!!!
You burn the acid blob!!
Your hands burn!
* * * LOW HITPOINT WARNING * * *
You headbutt the acid blob!
The acid blob is severely wounded.
You hit the acid blob. You burn the acid blob.
Your hands burn!
* * * LOW HITPOINT WARNING * * *
You slice the acid blob!! You burn the acid blob!
Your hands burn!
* * * LOW HITPOINT WARNING * * *
You slash the acid blob! You burn the acid blob. The acid corrodes you!
Your hands burn!
* * * LOW HITPOINT WARNING * * *
The acid blob is almost dead.
You slash the acid blob! You burn the acid blob.
Your hands burn!
* * * LOW HITPOINT WARNING * * *
You hit the acid blob but do no damage.
Your hands burn!
You die...

#.###.### #.# ###')÷##)+#
#[# #.'.).')..+ #.#
####)###)## #'# #'# #'#
#.# ####.###[## #'#
#)')..'JJJ+ ###### #.#
#'##.###J## ###.)#.###'#
##[###.#@# ###.###...##.#
#'#'.##JJ##+.##'.'#.###[#
#.#.JJ'J..#...#.).#'# #)#
##'#J###.###.'##.##.###'#
##○###.###.###.'##...##.#
#..○'..)).)))...##')##...
##.###.###)###.##.##''...
### ### ### ##### ####)#
# #)#


You could see 6 acid blobs, an azure jelly and 2 death oozes.

Vanquished Creatures
  the Royal Jelly (D)
  Ignacio (D)
  Mennas (D)
  An orb of fire (D)
  An ancient lich (D)
  Boris (D)
  A royal mummy (D)
  A pandemonium lord (D)
  Geryon (D)
  2 golden dragons (D)
  2 pearl dragons (D)
  A Tzitzimitl (D)
  A Brimstone Fiend (D)
  An electric golem (D)
  2 Ice Fiends (D)
  A Hell Sentinel (D)
  A titan (D)
  A death cob (D)
  A deep elf master archer (D)
  4 acid blobs (D)
  Gastronok (D)
  2 Executioners (D)
  4 storm dragons (D)
  2 shadow dragons (D)
  4 azure jellies (D)
  A draconian monk (D)
  An iron dragon (D)
  A frost giant (D)
  A ghost moth (D)
  An orc warlord (D)
  An emperor scorpion (D)
  A draconian shifter (D)
  A balrug (D)
  A draconian annihilator (D)
  An angel (D)
  2 reapers (D)
  A minotaur (D)
  A dire elephant (D)
  2 yellow draconians (D)
  2 ettins (D)
  A blizzard demon (D)
  A death ooze (D)
  A mummy priest (D)
  A hydra (D)
  2 great orbs of eyes (D)
  A spriggan air mage (D)
  A merfolk avatar (D)
  A death knight (D)
  A merfolk aquamancer (D)
  An alligator (D)
  A two-headed ogre (D)
  A dancing weapon (D)
  Urug (D)
  A vampire mage (D)
  3 hell knights (D)
  A shadow wraith (D)
  4 skeletal warriors (D)
  2 deep trolls (D)
  A swamp dragon (shapeshifter) (D)
  A spriggan druid (D)
  A bog body (D)
  A swamp dragon (D)
  An orc knight (D)
  A deep elf zephyrmancer (D)
  A necromancer (D)
  A moth of wrath (D)
  A molten gargoyle (D)
  A cane toad (D)
  An eye of devastation (D)
  2 gargoyles (D)
  An ice devil (D)
  An efreet (D)
  2 guardian mummies (D)
  A tormentor (D)
  A hellwing (D)
  2 freezing wraiths (D)
  A wandering mushroom (D)
  2 red devils (D)
  4 merfolk (D)
  A hornet (D)
  7 dream sheep (D)
  A flying skull (D)
  A redback (D)
  2 ynoxinuls (D)
  2 wyverns (D)
  A chaos spawn (D)
  A neqoxec (D)
  2 water moccasins (D)
  2 floating eyes (D)
  4 acid dragons (D)
  5 orc warriors (D)
  A swamp drake (D)
  2 necrophages (D)
  2 ogres (D)
  3 wolves (D)
  An earth elemental (D)
  4 killer bees (D)
  A crimson imp (D)
  8 orc priests (D)
  A jelly (D)
  2 iron imps (D)
  Ijyb (D)
  3 orc wizards (D)
  A worker ant (D)
  A worm (D)
  A leopard gecko (D)
  6 orcs (D)
  5 bat skeletons (D)
  A goblin (D)
  6 jackals (D)
  A kobold (D)
  A quokka (D)
  A ball python (D)
  2 bats (D)
  A bat simulacrum (D)
  A jackal zombie (D)
  A leopard gecko zombie (D)
  2 rats (D)
199 creatures vanquished.

Vanquished Creatures (collateral kills)
  A warg (D)
1 creature vanquished.

Vanquished Creatures (others)
  A water elemental (D)
  An orc priest (D)
  An orc wizard (D)
  An adder (D)
  An orc (D)
5 creatures vanquished.

Grand Total: 205 creatures vanquished

Notes
Turn   | Place    | Note
-------+----------+-------------------------------------------
     0 | D        | mhtbhm the Minotaur Fighter began the quest for the Orb.
     0 | D        | Reached XP level 1. HP: 19/19 MP: 0/0
    22 | D        | Found a bloodstained altar of Trog.
    22 | D        | Found a shimmering blue altar of Sif Muna.
    22 | D        | Found a viscous altar of Jiyva.
    22 | D        | Found a hazy altar of Hepliaklqana.
    22 | D        | Found an opulent altar of Gozag.
    23 | D        | Found a glowing golden altar of the Shining One.
    23 | D        | Found a glowing silver altar of Zin.
    23 | D        | Found a basalt altar of Yredelemnul.
    23 | D        | Found a shimmering altar of Xom.
    23 | D        | Found an ornate altar of the Wu Jian Council.
    23 | D        | Found a sacrificial altar of Ru.
    23 | D        | Found a stormy altar of Qazlal.
    23 | D        | Found an iron altar of Okawaru.
    23 | D        | Found a sparkling altar of Nemelex Xobeh.
    23 | D        | Found a burning altar of Makhleb.
    23 | D        | Found a blossoming altar of Fedhas.
    23 | D        | Found a white marble altar of Elyvilon.
    23 | D        | Found a shadowy altar of Dithmenos.
    23 | D        | Found a snail-covered altar of Cheibriados.
    25 | D        | Found a radiant altar of Vehumet.
    25 | D        | Found a corrupted altar of Lugonu.
    25 | D        | Found a roughly hewn altar of Beogh.
    27 | D        | Became a worshipper of Trog the Wrathful
    71 | D        | Noticed a floating eye
    74 | D        | Killed a floating eye
    74 | D        | Reached * piety under Trog
    75 | D        | Reached XP level 2. HP: 31/31 MP: 1/1
    75 | D        | Reached XP level 3. HP: 38/38 MP: 2/2
    75 | D        | Reached XP level 4. HP: 45/45 MP: 3/3
    81 | D        | Noticed an ogre
    87 | D        | Reached ** piety under Trog
    88 | D        | Reached skill level 5 in Axes
    95 | D        | Killed an ogre
    96 | D        | Reached XP level 5. HP: 39/53 MP: 4/4
   275 | D        | Noticed Ijyb
   275 | D        | Noticed a floating eye
   281 | D        | Reached *** piety under Trog
   288 | D        | Killed Ijyb
   288 | D        | Paralysed by a floating eye for 4 turns
   293 | D        | Killed a floating eye
   293 | D        | Reached **** piety under Trog
   294 | D        | Reached XP level 6. HP: 63/63 MP: 5/5
   305 | D        | Reached ***** piety under Trog
   322 | D        | Noticed a flying skull
   335 | D        | Killed a flying skull
   336 | D        | Reached skill level 1 in Dodging
   414 | D        | Noticed a water moccasin
   421 | D        | Killed a water moccasin
   421 | D        | Received a gift from Trog
   422 | D        | Reached skill level 10 in Fighting
   422 | D        | Reached skill level 10 in Armour
   422 | D        | Reached XP level 7. HP: 69/72 MP: 6/6
   436 | D        | Noticed a bog body
   442 | D        | Reached skill level 10 in Axes
   442 | D        | Reached skill level 10 in Shields
   445 | D        | Killed a bog body
   445 | D        | Received a gift from Trog
   446 | D        | Reached XP level 8. HP: 72/82 MP: 7/7
   665 | D        | Noticed a merfolk
   676 | D        | Killed a merfolk
   678 | D        | Reached ****** piety under Trog
   738 | D        | Noticed a deep elf zephyrmancer
   738 | D        | Noticed a mummy priest
   739 | D        | Noticed an ice devil
   739 | D        | Noticed a smoke demon
   741 | D        | Noticed an orange demon
   743 | D        | Killed a shadow wraith
   744 | D        | Reached XP level 9. HP: 90/90 MP: 8/8
   744 | D        | Killed a deep elf zephyrmancer
   744 | D        | Received a gift from Trog
   745 | D        | Reached skill level 5 in Dodging
   749 | D        | Killed a mummy priest
   750 | D        | Reached skill level 15 in Axes
  1055 | D        | Noticed Urug
  1055 | D        | Noticed a death cob
  1063 | D        | Killed a death cob
  1064 | D        | Reached skill level 1 in Stealth
  1064 | D        | Reached XP level 10. HP: 101/101 MP: 9/9
  1077 | D        | Killed Urug
  1250 | D        | Noticed a merfolk avatar
  1263 | D        | Killed a merfolk avatar
  1271 | D        | Noticed a great orb of eyes
  1275 | D        | Killed a great orb of eyes
  1277 | D        | Received a gift from Trog
  1377 | D        | Noticed Gastronok
  1389 | D        | Killed Gastronok
  1389 | D        | Received a gift from Trog
  1390 | D        | Reached XP level 11. HP: 111/111 MP: 10/10
  1529 | D        | Received a gift from Trog
  1814 | D        | Noticed an emperor scorpion
  1828 | D        | Killed an emperor scorpion
  1829 | D        | Reached skill level 15 in Fighting
  1829 | D        | Reached skill level 15 in Shields
  1833 | D        | Received a gift from Trog
  2008 | D        | Noticed a two-headed ogre
  2014 | D        | Killed a two-headed ogre
  2015 | D        | Reached skill level 15 in Armour
  2026 | D        | Received a gift from Trog
  2327 | D        | Noticed a six-headed hydra
  2340 | D        | Received a gift from Trog
  2341 | D        | Killed an 11-headed hydra
  2342 | D        | Reached XP level 12. HP: 124/124 MP: 11/11
  2359 | D        | Received a gift from Trog
  2585 | D        | Found the ring of the Octopus King {+Fly AC+1 EV+1 Str+1
                  | Int+1 Dex+1}
  2606 | D        | Got a ring of the Octopus King {+Fly AC+1 EV+1 Str+1 Int+1
                  | Dex+1}
  2703 | D        | Noticed an alligator
  2703 | D        | Noticed an ettin
  2703 | D        | Noticed a frost giant
  2711 | D        | Killed an alligator
  2713 | D        | Received a gift from Trog
  2714 | D        | Killed an ettin
  2719 | D        | Killed a frost giant
  2745 | D        | Received a gift from Trog
  2750 | D        | Killed a ghost moth
  2750 | D        | HP: 5/127 [poisoned by a ghost moth]
  3072 | D        | Got the ring "Finnydghunt" {rElec rF+ Str+6}
  3136 | D        | Noticed a death knight
  3137 | D        | Found the ring of the Hare {EV+8}
  3149 | D        | Noticed a minotaur
  3153 | D        | Killed a death knight
  3153 | D        | Noticed a deep elf master archer
  3158 | D        | Killed a deep elf master archer
  3160 | D        | Killed a minotaur
  3160 | D        | Received a gift from Trog
  3166 | D        | Noticed a great orb of eyes
  3168 | D        | Killed a great orb of eyes
  3169 | D        | Reached XP level 13. HP: 125/137 MP: 12/12
  3169 | D        | Identified the ring "Lacen" {*Slow rF+ Str+2 Dex+3}
  3169 | D        | Noticed an ettin
  3172 | D        | Received a gift from Trog
  3179 | D        | Killed an ettin
  3202 | D        | Received a gift from Trog
  3210 | D        | Received a gift from Trog
  3551 | D        | Noticed an orb of fire
  3575 | D        | Killed an orb of fire
  3811 | D        | Noticed a reaper
  3816 | D        | Killed a reaper
  3816 | D        | Received a gift from Trog
  3818 | D        | Noticed an electric golem
  3833 | D        | Killed an electric golem
  4034 | D        | Noticed an angel
  4041 | D        | Killed an angel
  4094 | D        | Noticed an Ice Fiend
  4098 | D        | Killed an Ice Fiend
  4368 | D        | Noticed a storm dragon
  4376 | D        | Killed a storm dragon
  4377 | D        | Reached XP level 14. HP: 151/151 MP: 13/13
  4480 | D        | Noticed a white draconian monk
  4485 | D        | Received a gift from Trog
  4499 | D        | Killed a white draconian monk
  4670 | D        | Noticed a golden dragon
  4677 | D        | Killed a golden dragon
  4678 | D        | Reached skill level 5 in Stealth
  5092 | D        | Noticed Mennas
  5113 | D        | Killed Mennas
  5113 | D        | Received a gift from Trog
  5304 | D        | Noticed a Tzitzimitl
  5311 | D        | Killed a Tzitzimitl
  5312 | D        | Reached skill level 1 in Evocations
  5652 | D        | Noticed a royal mummy
  5659 | D        | Killed a royal mummy
  5793 | D        | Noticed a storm dragon
  5798 | D        | Killed a storm dragon
  5848 | D        | Noticed a yellow draconian shifter
  5855 | D        | Killed a yellow draconian shifter
  5857 | D        | Noticed an azure jelly
  5862 | D        | Killed an azure jelly
  5983 | D        | Noticed Uwnoecuq the pandemonium lord
  6000 | D        | Killed Uwnoecuq the pandemonium lord
  6000 | D        | Received a gift from Trog
  6327 | D        | Noticed an iron dragon
  6336 | D        | Killed an iron dragon
  6337 | D        | Reached XP level 15. HP: 151/165 MP: 14/14
  6374 | D        | Noticed an orc warlord
  6381 | D        | Killed an orc warlord
  6387 | D        | Received a gift from Trog
  6447 | D        | Noticed Geryon
  6460 | D        | Killed Geryon
  6461 | D        | Reached skill level 10 in Dodging
  6652 | D        | Noticed an Executioner
  6655 | D        | Killed an Executioner
  6727 | D        | Noticed a storm dragon
  6742 | D        | Killed a storm dragon
  6751 | D        | Received a gift from Trog
  6882 | D        | Noticed a shadow dragon
  6891 | D        | Killed a shadow dragon
  6921 | D        | Noticed a pearl dragon
  6921 | D        | Noticed a Brimstone Fiend
  6924 | D        | Killed a pearl dragon
  6929 | D        | Killed a Brimstone Fiend
  7252 | D        | Noticed a golden dragon
  7257 | D        | Killed a golden dragon
  7631 | D        | Noticed an acid blob
  7634 | D        | Killed an acid blob
  7717 | D        | Noticed a storm dragon
  7725 | D        | Killed a storm dragon
  7725 | D        | Received a gift from Trog
  7912 | D        | Noticed Ignacio
  7925 | D        | Killed Ignacio
  7926 | D        | Reached skill level 27 in Axes
  7926 | D        | Reached skill level 27 in Shields
  8521 | D        | Noticed a pearl dragon
  8528 | D        | Killed a pearl dragon
  8529 | D        | Reached XP level 16. HP: 161/182 MP: 15/15
  8584 | D        | Noticed a Hell Sentinel
  8589 | D        | Killed a Hell Sentinel
  8636 | D        | Noticed a titan
  8639 | D        | Killed a titan
  8639 | D        | Received a gift from Trog
  8640 | D        | Reached skill level 27 in Fighting
  8744 | D        | Noticed an Executioner
  8744 | D        | Noticed an Ice Fiend
  8750 | D        | Killed an Executioner
  8759 | D        | Killed an Ice Fiend
  9022 | D        | Noticed an ancient lich
  9022 | D        | Noticed Boris
  9033 | D        | Killed an ancient lich
  9033 | D        | Received a gift from Trog
  9044 | D        | Killed Boris
  9157 | D        | Noticed a shadow dragon
  9173 | D        | Killed a shadow dragon
  9250 | D        | Noticed the Royal Jelly
  9253 | D        | Noticed an acid blob
  9253 | D        | Noticed an acid blob
  9255 | D        | Noticed an acid blob
  9255 | D        | Noticed an acid blob
  9255 | D        | Noticed an acid blob
  9256 | D        | Noticed an acid blob
  9256 | D        | Noticed an acid blob
  9256 | D        | Noticed an acid blob
  9258 | D        | Killed an acid blob
  9261 | D        | Killed an acid blob
  9262 | D        | Killed the Royal Jelly
  9262 | D        | Received a gift from Trog
  9262 | D        | Noticed an acid blob
  9263 | D        | Reached skill level 27 in Armour
  9264 | D        | Killed an acid blob
  9267 | D        | HP: 13/274 [acid (3)]
  9268 | D        | HP: 3/274 [acid (5)]
  9268 | D        | Splashed by an acid blob's acid

Illustrated notes

Levels and vault maps discovered:
D:        pitsprint [storerooms_1, entrance_room_1, metal_vault_6, armoury_2,
          mini_pit_1, grid_room_1, main_hall_1, silver_pit, the_coven_2,
          the_vestibule_1, steel_vault_5, golden_pit, hallway_of_sentries,
          crystal_vault_1, iron_vault_4, final_vault]

Skill      XL: |  1  2  3  4  5  6  7  8  9 10 11 12 13 14 15 16 |
---------------+-------------------------------------------------+-----
Fighting       | 6 8 9 10 11 13 14 16 19 21 23 26 27 | 27.0
Armour         | 6 8 9 10 11 13 14 15 17 18 19 21 27 | 27.0
Shields        | 6 7 8 9 10 11 13 14 16 18 21 24 27 | 27.0
Axes           | 4 6 7 9 11 13 16 18 20 21 23 25 27 | 27.0
Dodging        | 2 3 4 6 7 8 9 11 17 | 17.5
Stealth        | 1 2 4 5 |  5.9
Evocations     | 1 |  1.6

Action                   |  1- 3 |  4- 6 |  7- 9 | 10-12 | 13-15 | 16-18 || total
-------------------------+-------+-------+-------+-------+-------+-------++-------
Melee: Hand axe          |     6 |    45 |    17 |       |       |       ||    68
       War axe           |     1 |       |       |       |       |       ||     1
       Headbutt          |       |     6 |     7 |    48 |    75 |    24 ||   160
       Broad axe         |       |       |    22 |   185 |   295 |    74 ||   576
Invok: Berserk           |       |     2 |     4 |     7 |    15 |     4 ||    32
       Brothers in Arms  |       |       |       |     2 |     2 |       ||     4
Evoke: Condenser vane    |       |       |       |       |     1 |       ||     1
  Use: Potion            |       |       |       |     3 |     7 |     1 ||    11
       Scroll            |       |       |       |       |     1 |       ||     1
 Stab: Confused          |       |       |       |     2 |     1 |       ||     3
Armor: Scale mail        |     2 |     4 |       |       |       |       ||     6
       Chain mail        |       |    18 |    19 |    59 |    57 |       ||   153
       Gold dragon scale |       |       |       |       |     9 |    28 ||    37
Dodge: Dodged            |     1 |     7 |    21 |    56 |   101 |    23 ||   209
Block: Kite shield       |       |    24 |    22 |   108 |   255 |    63 ||   472
       Reflection        |       |       |       |     1 |       |     1 ||     2

Table legend: (Time is in decaauts)
 A = Elapsed time spent in this place.
 B = Non-inter-level travel time spent in this place.
 C = Inter-level travel time spent in this place.
 D = Time resting spent in this place.
 E = Time spent auto-exploring this place.
 F = Levels seen in this place.
 G = Mean time per level.
                   A        B        C        D        E       F      G
               +--------+--------+--------+--------+--------+-----+--------+
         Total |   9375 |   9333 |     42 |   7436 |    174 |   1 | 9375.0 |
       Dungeon |   9375 |   9333 |     42 |   7436 |    174 |   1 | 9375.0 |
               +--------+--------+--------+--------+--------+-----+--------+

Top non-repeatable levels by time:
       D: 9375 daAuts
